 Dungeon Crawl Stone Soup version 0.32-a0-120-gfac0567ad4 (webtiles) character file.

Game seed: 4728229533620090027

16 Ceno the Digger (level 2, -12/13 HPs)
             Began as a Vine Stalker Earth Elementalist on Feb 7, 2024.
             Engulfed by a cloud of flame (19 damage)
             ... on level 2 of the Dungeon.
             The game lasted 00:02:20 (728 turns).

Ceno the Digger (Vine Stalker Earth Elementalist)    Turns: 728, Time: 00:02:21

Health: -12/13     AC:  3    Str: 10    XL:     2   Next: 54%
Magic:  0/15       EV: 12    Int: 15    God:
Gold:   87         SH:  0    Dex: 14    Spells: 4/5 levels left

rFire   . . .        i - +0 dagger
rCold   . . .        (no shield)
rNeg    . . .        a - +0 robe
rPois   .            (no helmet)
rElec   .            k - +0 cloak
rCorr   .            (no gloves)
SInv    .            (no boots)
Will    .....        (no amulet)
Stlth   ++           n - ring of magical power
HPRegen 1.02/turn    (no ring)
MPRegen 0.14/turn

%: guardian spirit
@: no status effects
A: fangs 2, regeneration 1, magic shield, antimagic bite, no potion heal 2
a: no special abilities


You were on level 2 of the Dungeon.
You visited 1 branch of the dungeon, and saw 2 of its levels.

You collected 87 gold pieces.

Inventory:

Hand Weapons
 i - a +0 dagger (weapon)
Missiles
 g - 14 stones (quivered)
Armour
 a - a +0 robe (worn)
 k - a +0 cloak (worn)
Jewellery
 n - a ring of magical power (left hand)
Scrolls
 c - a scroll of fear {unknown}
 d - a scroll of torment {unknown}
 e - a scroll of acquirement {unknown}
 h - a scroll of amnesia {unknown}
 j - a scroll of immolation {unknown}
 l - a scroll of fog {unknown}
 o - a scroll of blinking {unknown}
Potions
 b - a potion of magic
 f - a potion of cancellation {unknown}
 m - 2 potions of invisibility {unknown}


   Skills:
 - Level 1.5 Dodging
 + Level 2.9 Stealth
 + Level 2.4 Spellcasting
 - Level 1.0 Conjurations
 * Level 3.4 Earth Magic


You had 4 spell levels left.
You knew the following spells:

 Your Spells              Type           Power      Damage    Failure   Level
a - Sandblast             Erth           24%        2d8       5%          1

Your spell library contained the following spells:

 Spells                   Type           Power      Damage    Failure   Level
 Passwall                 Erth           12%        N/A       16%         3
 Stone Arrow              Conj/Erth      16%        3d8       26%         3
 Inner Flame              Hex/Fire       1%         N/A       54%         3
 Brom's Barrelling Bould  Conj/Erth      8%         2d3       63%         4
 Petrify                  Alch/Erth      7%         N/A       71%         4
 Flame Wave               Conj/Fire      3%         2d5       86%         4
 Sticky Flame             Fire/Alch      1%         2d4       91%         4


Dungeon Overview and Level Annotations

Branches:
Dungeon (2/15)

Altars:


Innate Abilities, Weirdness & Mutations

You have extremely sharp teeth.
Your natural rate of healing is unusually fast.
When hurt, damage is shared between your health and your magic reserves.
Your bite disrupts and absorbs the magic of your enemies.
Potions cannot restore your health.


Message History

The bat is heavily wounded.
The bat closely misses you.
Casting: Sandblast (safe; 5% risk of failure)
Confirm with . or Enter, or press ? or * to list all spells.
Aiming: Sandblast (safe; 5% risk of failure)
Press: ? - help, Shift-Dir - straight line, f - bat
Aim: a bat (moderately wounded, 73% to hit)
The blast of sand hits the bat.
You kill the bat!
m - 2 metallic yellow potions Magic restored.
You open the door.
There is an open door here.
You open the door.
There is an open door here.
Found a ring mail.
Found a scroll labelled FAUWYHATIA.
g - 14 stones (gained 7)
There is an open door here.
Found a scroll labelled OXTABR DEUSSEPP.
Found a scale mail.
You are engulfed in blazing flames.
Ouch! That really hurt!
* * * LOW HITPOINT WARNING * * *
n - a ring of magical power You now have 87 gold pieces (gained 14).
Found a book of Blood.
o - a scroll labelled OXTABR DEUSSEPP You start resting.
Magic restored.
Okay, then.
You feel your magic capacity increase.
n - a ring of magical power (left hand)
You start resting.
Magic restored.
You are engulfed in blazing flames.
Ouch! That really hurt!
You are engulfed in blazing flames.
Ouch! That really hurt!
You die...

#☼☼.# # #○§§# #
..#####...#####.#
#..§○°..[..°☼§..#
#..☼☼○.....§☼§...
##.§§§.....§☼§..#
######...#####.# #§○§#
##. #@☼☼# ##.. #§☼○#
##...#####...######.##
#.........####.....[..
+.........'.......#?##
#.........###.....# #
#.......## #.......# .
##.....## #.....### #.
##...## ##...##


There were no monsters in sight!

Vanquished Creatures
  3 ball pythons (D:1)
  2 bats
  2 endoplasms
  A hobgoblin (D:1)
  2 kobolds (D:1)
  A quokka (D:1)
  2 rats (D:1)
13 creatures vanquished.

Notes
Turn   | Place    | Note
-------+----------+-------------------------------------------
     0 | D:1      | Ceno the Vine Stalker Earth Elementalist began the quest
                  | for the Orb.
     0 | D:1      | Reached XP level 1. HP: 9/9 MP: 4/4
   216 | D:1      | Found a faded altar of an unknown god.
   254 | D:1      | Reached XP level 2. HP: 13/13 MP: 3/6
   728 | D:2      | Engulfed by a cloud of flame

Illustrated notes

Levels and vault maps discovered:
D:1:      mainiacjoe_arrival_oval_in_oval, layout_rooms,
          hellmonk_ecumenical_altar_zigzags
D:2:      layout_loops_corners, serial_shops, shop, lemuel_flame_loot_1

Action                     || total
---------------------------++-------
  Melee: Dagger            ||     3
         Bite              ||     2
   Cast: Sandblast         ||    16
 Armour: Robe              ||     5
  Dodge: Dodged            ||     5

Table legend: (Time is in decaauts)
 A = Elapsed time spent in this place.
 B = Non-inter-level travel time spent in this place.
 C = Inter-level travel time spent in this place.
 D = Time resting spent in this place.
 E = Time spent auto-exploring this place.
 F = Levels seen in this place.
 G = Mean time per level.
                   A        B        C        D        E       F      G
               +--------+--------+--------+--------+--------+-----+--------+
         Total |    734 |    728 |      6 |    111 |    455 |   2 |  367.0 |
       Dungeon |    734 |    728 |      6 |    111 |    455 |   2 |  367.0 |
               +--------+--------+--------+--------+--------+-----+--------+

Top non-repeatable levels by time:
     D:1: 536 daAuts
     D:2: 198 daAuts
